 Dungeon Crawl Stone Soup version 0.23.2-1-ga50397a (webtiles) character file.

Game seed: 7879392953686425500

10751 IBeShadow the Zephyrmancer (level 11, -23/68 (69) HPs)
             Began as a Tengu Air Elementalist on May 16, 2019.
             Was a Believer of Ashenzari.
             Annihilated by a centaur warrior simulacrum (29 damage)
             ... on level 11 of the Dungeon.
             The game lasted 00:25:43 (13476 turns).

IBeShadow the Zephyrmancer (TeAE)                  Turns: 13476, Time: 00:25:44

HP:   -23/68 (69)   AC:  7    Str: 11    XL:     11   Next: 67%
MP:   14/20         EV: 13    Int: 17    God:    Ashenzari [**....]
Gold: 394           SH:  0    Dex: 14    Spells: 16/21 levels left

rFire    . . .     SeeInvis .   m - +3 quarterstaff (chaos) (curse)
rCold    . . .     Gourm    .   (shield currently unavailable)
rNeg     . . .     Faith    .   j - +4 ring mail
rPois    +         Spirit   .   (helmet restricted)
rElec    .         Reflect  .   p - +0 cloak
rCorr    .         Harm     .   A - +2 pair of gloves
MR       +....                  (boots unavailable)
Stlth    +.........             (no amulet)
HPRegen  0.21/turn              r - ring of poison resistance
MPRegen  0.17/turn              h - ring of protection from magic

@: corroded, flying quickly and evasively, very slightly contaminated, quick
A: beak, claws 1, horns 1, talons 3, thin metallic scales 1, able to fly
a: Stop Flying, Curse Item, Scrying, Renounce Religion


You were on level 11 of the Dungeon.
You worshipped Ashenzari.
Ashenzari was pleased with you.
You were hungry.

You visited 2 branches of the dungeon, and saw 12 of its levels.

You collected 394 gold pieces.

Inventory:

Hand Weapons
 b - a +0 short sword
 m - a cursed +3 quarterstaff of chaos (weapon)
 L - a +3 quarterstaff
Missiles
 w - 2 throwing nets (quivered)
Armour
 a - a +0 robe
 d - a +0 pair of gloves
 i - +0 ice dragon scales
 j - a +4 ring mail (worn)
 p - a +0 cloak (worn)
 A - a +2 pair of gloves (worn)
 N - a scarf of spirit shield
Jewellery
 h - a ring of protection from magic (right hand)
 r - a ring of poison resistance (left hand)
 y - an uncursed ring of magical power
 K - an uncursed ring of protection from cold
Wands
 t - a wand of scattershot (4)
 u - a wand of enslavement (5)
 B - a wand of digging (4)
 D - a wand of iceblast (16)
Scrolls
 e - a scroll of noise {unknown}
 f - 5 scrolls of remove curse
 g - 5 scrolls of identify
 l - a scroll of fog {unknown}
 n - 2 scrolls of magic mapping
 o - a scroll of teleportation
 E - a scroll of fear {unknown}
 G - a scroll of random uselessness {unknown}
 H - a scroll of immolation {unknown}
Potions
 q - a potion of lignification
 s - 2 potions of flight {unknown}
 v - 4 potions of agility
 x - a potion of cancellation {unknown}
 z - 3 potions of brilliance {unknown}
 C - 4 potions of curing
 F - 2 potions of invisibility
 I - a potion of might {unknown}
 J - a potion of heal wounds
Comestibles
 c - 14 rations
 M - 2 chunks of flesh


   Skills:
 + Level 8.7 Fighting
 + Level 8.5(11.5) Staves
 - Level 2.1 Dodging
 - Level 2.0 Stealth
 + Level 5.7 Spellcasting
 + Level 11.4 Conjurations
 + Level 11.9 Air Magic


You had 16 spell levels left.
You knew the following spells:

 Your Spells              Type           Power        Failure   Level  Hunger
a - Shock                 Conj/Air       ####         1%          1    None
b - Airstrike             Air            #####.....   2%          4    ####...

Your spell library contained the following spells:

 Spells                   Type           Power        Failure   Level  Hunger
 Static Discharge         Conj/Air       #####...     1%          3    ##.....
 Swiftness                Chrm/Air       ####....     4%          2    #......
 Lightning Bolt           Conj/Air       #####.....   8%          5    ######.
 Animate Skeleton         Necr           N/A          32%         1    None
 Apportation              Tloc           #.....       32%         1    None
 Confusing Touch          Hex            #.....       32%         1    None
 Summon Small Mammal      Summ           #...         32%         1    None


Dungeon Overview and Level Annotations

Branches:
Dungeon (11/15)            Temple (1/1) D:4            Lair (0/6) D:11
    Orc: D:9-12

Altars:
Ashenzari
Cheibriados
Dithmenos
Elyvilon
Fedhas
Gozag
Hepliaklqana
Kikubaaqudgha
Makhleb
Nemelex Xobeh
Okawaru
Qazlal
Ru
Sif Muna
Trog
Uskayaw
Vehumet
Wu Jian
Xom
Yredelemnul
Zin
The Shining One

Shops:
D:6 [

Portals:
Bailey: D:11


Innate Abilities, Weirdness & Mutations

You have a beak for a mouth.
You have claws for feet.
You can fly continuously.
You have sharp fingernails.
You have a pair of small horns on your head.
You are partially covered in thin metallic scales. (AC +2)


Message History

As you read the scroll labeled ICA JUTIHANO, it crumbles to dust.
It is a scroll of identify.
n - 2 scrolls of magic mapping
As you read the scroll labeled IFO YTOUMA, it crumbles to dust.
You feel strangely unstable.
It was a scroll of teleportation.
Your surroundings suddenly seem different.
A centaur warrior simulacrum comes into view.
Found a stone staircase leading up.
A shadow imp comes into view.
Press: ? - help, v - describe, . - travel
Here: a centaur warrior simulacrum The floor.
Okay, then.
The centaur warrior simulacrum hits you.
The centaur warrior simulacrum freezes you!!
* * * LOW HITPOINT WARNING * * *
The centaur warrior simulacrum hits you.
* * * LOW HITPOINT WARNING * * *
The centaur warrior simulacrum freezes you!!
You die...

, * , * * * ,
, , , * * ,
,* * * * # *
, #.,* , ,# ,
#.<######...#
,
#..Z@.5......
,
#############


You could see a shadow imp and a centaur warrior simulacrum.

Vanquished Creatures
  Harold (D:7)
  A two-headed ogre (D:8)
  A death yak (D:8)
  A harpy (shapeshifter) (D:9)
  Pikel (D:6)
  A gargoyle (D:10)
  A komodo dragon (D:9)
  Sigmund (D:3)
  A wraith (D:11)
  A wyvern (D:9)
  3 hogs (D:7)
  A human (D:7)
  A yak (D:7)
  2 hungry ghosts
  A steam dragon (D:9)
  Menkaure (D:6)
  3 necrophages
  6 orc warriors
  6 ice beasts
  4 sky beasts
  A slave (D:6)
  3 phantoms
  6 ogres
  2 wolves (D:8)
  A centaur (D:8)
  2 crocodiles
  3 big kobolds
  4 bullfrogs
  6 scorpions
  A wyvern skeleton (D:8)
  3 killer bees (D:9)
  3 howler monkeys
  5 wights (D:10)
  4 crimson imps
  A centaur zombie (D:10)
  7 hounds
  A jelly (D:9)
  A centaur skeleton (D:5)
  2 orc priests
  2 bullfrog skeletons
  Crazy Yiuf (D:3)
  Jessica (D:2)
  13 orc wizards
  2 iguanas
  2 worker ants
  A bullfrog simulacrum (D:8)
  3 hound skeletons
  A worker ant zombie (D:8)
  Robin (D:3)
  11 gnolls
  A howler monkey skeleton (D:4)
  12 adders
  A hound simulacrum (D:8)
  A shadow imp (D:8)
  2 white imps (D:8)
  2 ufetubi (D:8)
  2 oozes
  2 adder skeletons (D:5)
  3 dart slugs
  3 leopard geckos
  26 orcs
  3 giant cockroaches
  24 goblins
  14 hobgoblins
  15 jackals
  7 quokkas
  9 bats
  A frilled lizard (D:1)
  27 kobolds
  10 rats
297 creatures vanquished.

Vanquished Creatures (others)
  A slave (D:6)
  A necrophage (D:5)
  A howler monkey (D:6)
  2 orcs (D:6)
  A ball python (D:6)
6 creatures vanquished.

Grand Total: 303 creatures vanquished

Notes
Turn   | Place    | Note
-------+----------+-------------------------------------------
     0 | D:1      | IBeShadow the Tengu Air Elementalist began the quest for
                  | the Orb.
     0 | D:1      | Reached XP level 1. HP: 10/10 MP: 4/4
   531 | D:1      | Reached XP level 2. HP: 7/16 MP: 3/6
   932 | D:1      | Reached skill level 1 in Fighting
  1366 | D:1      | Reached XP level 3. HP: 16/20 MP: 7/7
  2151 | D:2      | Gained mutation: Scrolls take you a little longer to read.
                  | [potion of mutation]
  2151 | D:2      | Gained mutation: You possess an exceptional clarity of
                  | mind. [potion of mutation]
  2151 | D:2      | Gained mutation: You have a pair of small horns on your
                  | head. [potion of mutation]
  2390 | D:2      | Noticed Jessica
  2399 | D:2      | Killed Jessica
  2399 | D:2      | Reached skill level 5 in Air Magic
  2399 | D:2      | Reached XP level 4. HP: 20/26 MP: 8/8
  2848 | D:3      | Found a white marble altar of Elyvilon.
  2848 | D:3      | Found a stormy altar of Qazlal.
  2994 | D:3      | Noticed a sky beast
  3105 | D:2      | Killed a sky beast
  3105 | D:2      | Gained mutation: You can fly continuously. [Tengu growth]
  3105 | D:2      | Reached XP level 5. HP: 21/31 MP: 9/9
  3289 | D:3      | Noticed Robin
  3313 | D:3      | Killed Robin
  3662 | D:3      | Reached XP level 6. HP: 34/37 MP: 10/10
  3809 | D:3      | Noticed Sigmund
  3829 | D:3      | Killed Sigmund
  3829 | D:3      | Reached skill level 5 in Conjurations
  4113 | D:3      | Found a sparkling altar of Nemelex Xobeh.
  4498 | D:3      | Found a runed translucent door.
  4499 | D:3      | Noticed Crazy Yiuf
  4546 | D:3      | Killed Crazy Yiuf
  4546 | D:3      | Reached XP level 7. HP: 31/42 MP: 9/11
  4836 | D:4      | Reached skill level 1 in Staves
  5176 | D:4      | Found a staircase to the Ecumenical Temple.
  5373 | D:4      | Reached XP level 8. HP: 48/48 MP: 12/12
  5684 | Temple   | Entered the Ecumenical Temple
  5741 | Temple   | Became a worshipper of Ashenzari the Shackled
  5780 | D:5      | Entered Level 5 of the Dungeon
  5948 | D:5      | Reached skill level 5 in Fighting
  6324 | D:5      | Found an ornate altar of the Wu Jian Council.
  6665 | D:6      | Noticed Pikel
  6709 | D:6      | Killed Pikel
  6709 | D:6      | Reached XP level 9. HP: 25/55 MP: 9/13
  6965 | D:6      | Found Doostibbi's Antique Armour Shop.
  7131 | D:4      | Lost mutation: You have a pair of small horns on your head.
                  | [potion of mutation]
  7131 | D:4      | Lost mutation: Scrolls take you a little longer to read.
                  | [potion of mutation]
  7131 | D:4      | Lost mutation: You possess an exceptional clarity of mind.
                  | [potion of mutation]
  7131 | D:4      | Gained mutation: You have sharp fingernails. [potion of
                  | mutation]
  7131 | D:4      | Gained mutation: You have a pair of small horns on your
                  | head. [potion of mutation]
  7131 | D:4      | Gained mutation: You are partially covered in thin metallic
                  | scales. (AC +2) [potion of mutation]
  7214 | D:6      | Reached skill level 5 in Staves
  7215 | D:6      | Noticed Menkaure
  7225 | D:6      | Killed Menkaure
  7537 | D:7      | Found a deep blue altar of Sif Muna.
  7718 | D:7      | Noticed Harold
  7749 | D:7      | Killed Harold
  7749 | D:7      | Reached skill level 10 in Air Magic
  7749 | D:7      | Reached XP level 10. HP: 31/61 MP: 13/15
  8380 | D:7      | Found a hazy altar of Hepliaklqana.
  8911 | D:7      | Paralysed by fainting for 9 turns
  8928 | D:7      | Learned a level 4 spell: Airstrike
  9013 | D:8      | Noticed a two-headed ogre
  9026 | D:8      | Killed a two-headed ogre
  9026 | D:8      | Reached skill level 10 in Conjurations
  9142 | D:8      | Found a glowing golden altar of the Shining One.
  9161 | D:8      | Found a sacrificial altar of Ru.
  9241 | D:8      | Found an iron altar of Okawaru.
  9595 | D:8      | Reached * piety under Ashenzari
  9833 | D:8      | Noticed a death yak
  9865 | D:8      | Killed a death yak
  9865 | D:8      | Reached XP level 11. HP: 26/68 MP: 0/19
 10268 | D:9      | Reached skill level 5 in Spellcasting
 10650 | D:9      | Noticed a harpy
 10650 | D:9      | a human changed into a harpy
 10651 | D:9      | Killed a harpy
 11451 | D:9      | Found an opulent altar of Gozag.
 11691 | D:10     | Entered Level 10 of the Dungeon
 12671 | D:10     | Reached ** piety under Ashenzari
 13452 | D:11     | Noticed a brown ugly thing
 13453 | D:11     | Found a flagged portal.
 13476 | D:11     | Annihilated by a centaur warrior simulacrum

Skill      XL: |  1  2  3  4  5  6  7  8  9 10 11 |
---------------+----------------------------------+-----
Conjurations   | 2 3 4 5 6 8 9 10 11 | 11.4
Fighting       | 1 2 3 4 5 6 8 |  8.7
Air Magic      | 5 6 7 8 10 11 | 11.9
Staves         | 2 4 6 7 8 |  8.5
Spellcasting   | 3 4 5 |  5.7
Dodging        | |  2.1
Stealth        | |  2.0

Action                   |  1- 3 |  4- 6 |  7- 9 | 10-12 || total
-------------------------+-------+-------+-------+-------++-------
Melee: Unarmed           |    40 |       |       |       ||    40
       Kick              |    20 |    22 |    56 |    99 ||   197
       Peck              |     9 |    12 |    20 |    55 ||    96
       Short sword       |    49 |   114 |       |       ||   163
       Headbutt          |     1 |    16 |    33 |    65 ||   115
       Quarterstaff      |       |       |   252 |   390 ||   642
 Cast: Shock             |    17 |     6 |    35 |    20 ||    78
       Airstrike         |       |       |       |    35 ||    35
Invok: Curse Item        |       |       |       |     1 ||     1
 Abil: Fly               |       |     1 |       |       ||     1
  Use: Potion            |     3 |     2 |     5 |       ||    10
       Scroll            |       |     1 |     1 |     3 ||     5
 Stab: Sleeping          |     5 |     1 |     2 |       ||     8
       Paralysed         |       |       |     4 |     2 ||     6
       Petrified         |       |       |     2 |       ||     2
       Petrifying        |       |       |     2 |       ||     2
       Confused          |       |       |     1 |       ||     1
  Eat: Chunk             |     5 |     6 |    11 |    17 ||    39
       Ration            |       |       |       |     3 ||     3
Armor: Robe              |    24 |     2 |       |       ||    26
       Ring mail         |       |    50 |   138 |   181 ||   369
       Skin              |       |       |     7 |     5 ||    12
Dodge: Dodged            |    66 |    70 |   207 |   237 ||   580
